 Dungeon Crawl Stone Soup version 0.31-a0-705-ga145531891 (webtiles) character file.

Game seed: 14929339242117363325

98 arthad the Digger (level 4, -6/34 HPs)
             Began as a Draconian Earth Elementalist on Sept 9, 2023.
             Killed by divine providence
             ... invoked by an orc priest
              (16 damage)
             ... on level 3 of the Dungeon.
             The game lasted 00:03:09 (1864 turns).

arthad the Digger (Draconian Earth Elementalist)    Turns: 1864, Time: 00:03:10

Health: -6/34      AC:  5    Str: 10    XL:     4   Next: 44%
Magic:  7/7        EV: 11    Int: 17    God:
Gold:   82         SH:  4    Dex: 12    Spells: 7/8 levels left

rFire   . . .        (no weapon)
rCold   . . .        i - +0 buckler
rNeg    . . .        (body armour unavailable)
rPois   .            (helmet restricted)
rElec   .            (no cloak)
rCorr   .            (no gloves)
SInv    .            (no boots)
Will    .....        (no amulet)
Stlth   ++           (no ring)
HPRegen 0.25/turn    (no ring)
MPRegen 0.10/turn

%: no passive effects
@: mighty
A: AC +5, unfitting armour, cold-blooded
a: no special abilities


You were on level 3 of the Dungeon.
You visited 1 branch of the dungeon, and saw 3 of its levels.

You collected 82 gold pieces.

Inventory:

Missiles
 m - 5 boomerangs
Armour
 i - a +0 buckler (worn)
Magical Staves
 l - a staff of fire
Jewellery
 e - a ring of fire
Scrolls
 b - a scroll of teleportation {unknown}
 d - a scroll of torment {unknown}
 f - 3 scrolls of identify {unknown}
 h - a scroll of amnesia {unknown}
 j - a scroll of butterflies {unknown}
 k - a scroll of blinking {unknown}
Potions
 g - 2 potions of might


   Skills:
 + Level 0.8 Fighting
 * Level 2.2 Dodging
 + Level 2.2 Stealth
 + Level 0.6 Shields
 * Level 2.6 Spellcasting
 * Level 2.0 Transmutations
 * Level 3.6 Earth Magic


You had 7 spell levels left.
You knew the following spells:

 Your Spells              Type           Power      Damage    Failure   Level
a - Sandblast             Erth           28%        2d8       6%          1

Your spell library contained the following spells:

 Spells                   Type           Power      Damage    Failure   Level
 Passwall                 Tmut/Erth      9%         N/A       13%         2
 Stone Arrow              Conj/Erth      16%        3d8       36%         3
 Petrify                  Tmut/Erth      11%        N/A       63%         4


Dungeon Overview and Level Annotations

Branches:
Dungeon (3/15)

Altars:


Innate Abilities, Weirdness & Mutations

Your plain brown scales are hard. (AC +5)
You cannot fit into any form of body armour.
You are cold-blooded and may be slowed by cold attacks.


Message History

It was a potion of might.
You feel very mighty all of a sudden. The orc barely misses you.
The orc attacks as it pursues you! The orc closely misses you.
The blast of sand hits the orc!
You kill the orc!
The blast of sand hits the hobgoblin!
You kill the hobgoblin!
You have reached level 4!
You feel agile.
The blast of sand hits the orc priest!
The orc priest is heavily wounded.
The orc priest looks satisfied for a moment.
The blast of sand hits the orc priest!
You kill the orc priest!
The orc hits you but does no damage.
Your Transmutations skill increases to level 2!
The blast of sand hits the orc!
You kill the orc!
The orc priest invokes the aid of Beogh against you.
Pain shoots through your body!
* * * LOW HITPOINT WARNING * * *
Okay, then.
You are too injured to fight recklessly!
Aiming: Sandblast (safe; 6% risk of failure)
Press: ? - help, Q - select action, (/) - cycle Shift-Dir - straight line, f - orc priest
Aim: an orc priest, wielding a +0 falchion (82% to hit)
The blast of sand hits the orc priest!
The orc priest is heavily wounded.
The orc priest barely misses you. Magic courses through your body.
The orc priest hits you but does no damage.
Aiming: Sandblast (safe; 6% risk of failure)
Press: ? - help, Q - select action, (/) - cycle Shift-Dir - straight line, f/p - orc priest
Aim: an orc priest, wielding a +0 falchion (heavily wounded, 82% to hit)
The blast of sand hits the orc priest.
The orc priest is severely wounded.
The orc priest mumbles some strange prayers to Beogh against you.
Beogh smites you!
You die...

######## # # #... ..##.#
###########.#.. .....
.....>.@o.#.#.###...#^##
####..###)#.....#.......
###..###.###.#.......#
##.....##†# #.###...#.#
###.#......##g###......##
<...........#.oo.g.oo....#
######.......).o..#####....
##.###......o# ...o# ###
###.....## #.o.#


You could see an orc priest.

Vanquished Creatures
  An orc priest (D:3)
  2 adders
  A dart slug (D:1)
  2 orcs (D:3)
  8 endoplasms
  4 giant cockroaches
  4 goblins
  3 hobgoblins
  A kobold (D:1)
  4 quokkas
  A ball python (D:1)
  7 bats
  3 frilled lizards
  4 rats
45 creatures vanquished.

Notes
Turn   | Place    | Note
-------+----------+-------------------------------------------
     0 | D:1      | arthad the Draconian Earth Elementalist began the quest for
                  | the Orb.
     0 | D:1      | Reached XP level 1. HP: 14/14 MP: 3/3
   163 | D:1      | Reached XP level 2. HP: 20/20 MP: 1/5
   969 | D:2      | Found a faded altar of an unknown god.
  1085 | D:2      | Reached XP level 3. HP: 26/26 MP: 4/6
  1859 | D:3      | Reached XP level 4. HP: 19/34 MP: 4/7
  1864 | D:3      | Killed from afar by an orc priest

Illustrated notes

Levels and vault maps discovered:
D:1:      mrwooster_arrival_statue_3, layout_loops_ring
D:2:      layout_rooms, basic_ecumenical_altar,
          wander_ebering_terrifying_dragon_lair
D:3:      layout_loops_cross, lemuel_crystal_altar,
          mainiacjoe_overflow_24_doors, uniq_natasha, uniq_jessica

Skill      XL: |  1  2  3  4 |
---------------+-------------+-----
Dodging        | 2 |  2.2
Stealth        | 2 |  2.2
Transmutations | 2 |  2.0
Fighting       | |  0.8
Shields        | |  0.6
Spellcasting   | |  2.6
Earth Magic    | |  3.6

Action                     |  1- 3 |  4- 6 || total
---------------------------+-------+-------++-------
   Cast: Sandblast         |    59 |     5 ||    64
    Use: Potion            |     2 |     1 ||     3
 Armour: Skin              |     5 |     2 ||     7
  Dodge: Dodged            |    10 |     1 ||    11

Table legend: (Time is in decaauts)
 A = Elapsed time spent in this place.
 B = Non-inter-level travel time spent in this place.
 C = Inter-level travel time spent in this place.
 D = Time resting spent in this place.
 E = Time spent auto-exploring this place.
 F = Levels seen in this place.
 G = Mean time per level.
                   A        B        C        D        E       F      G
               +--------+--------+--------+--------+--------+-----+--------+
         Total |   1895 |   1870 |     25 |      0 |   1563 |   3 |  631.7 |
       Dungeon |   1895 |   1870 |     25 |      0 |   1563 |   3 |  631.7 |
               +--------+--------+--------+--------+--------+-----+--------+

Top non-repeatable levels by time:
     D:1: 943 daAuts
     D:2: 704 daAuts
     D:3: 247 daAuts
